 Dungeon Crawl Stone Soup version 0.28.0-53-g5a82cb258f (webtiles) character file.

Game seed: 3829462971347273851

121 PentaManta the Conjurer (level 4, -2/30 HPs)
             Began as a Demonspawn Conjurer on June 18, 2022.
             Killed from afar by an orc wizard (3 damage)
             ... with a puff of flame
             ... on level 3 of the Dungeon.
             The game lasted 00:05:58 (2635 turns).

PentaManta the Conjurer (Demonspawn Conjurer)       Turns: 2635, Time: 00:05:59

Health: -2/30      AC:  2    Str:  7    XL:     4   Next: 76%
Magic:  1/9        EV: 12    Int: 21    God:
Gold:   101        SH:  5    Dex: 12    Spells: 4/10 levels left

rFire   + . .      SeeInvis .   c - +0 dagger
rCold   . . .      Faith    .   (no shield)
rNeg    . . .      Spirit   .   a - +0 robe
rPois   .          Reflect  +   (no helmet)
rElec   .          Harm     .   (no cloak)
rCorr   .          Rampage  .   (no gloves)
Will    .....                   (no boots)
Stlth   ++........              k - amulet of reflection
HPRegen 0.10/turn               o - ring of protection from fire
MPRegen 0.11/turn               (no ring)

@: no status effects
A: hooves 1
a: no special abilities


You were on level 3 of the Dungeon.
You visited 1 branch of the dungeon, and saw 3 of its levels.

You collected 101 gold pieces.

Inventory:

Hand Weapons
 c - a +0 dagger (weapon)
 d - a +0 vorpal hunting sling
Missiles
 n - 3 boomerangs
Armour
 a - a +0 robe (worn)
Jewellery
 k - an amulet of reflection (around neck)
 o - a ring of protection from fire (left hand)
 q - a ring of protection from fire
 r - the amulet "Pazimm" {Faith rElec rC+ rN+}
   (You found it on level 3 of the Dungeon)

   [amulet of faith]

   It allows you to gain divine favour quickly.
   rC:        It protects you from cold.
   rElec:     It insulates you from electricity.
   rN:        It protects you from negative energy.
Scrolls
 g - a scroll of fear {unknown}
 h - a scroll of holy word {unknown}
 i - a scroll of teleportation {unknown}
 j - a scroll of fog {unknown}
 m - a scroll of amnesia {unknown}
Potions
 b - a potion of degeneration {unknown}
 e - 2 potions of curing {unknown}
 f - 2 potions of heal wounds {unknown}
 l - a potion of flight {unknown}
 p - a potion of haste {unknown}


   Skills:
 - Level 1.7 Dodging
 - Level 1.7 Stealth
 + Level 3.5 Spellcasting
 + Level 5.2 Conjurations


You had 4 spell levels left.
You knew the following spells:

 Your Spells              Type           Power      Damage    Failure   Level
a - Magic Dart            Conj           100%       1d8       1%          1
b - Searing Ray           Conj           50%        2d6       2%          2
c - Dazzling Flash        Conj/Hex       28%        N/A       13%         3

Your spell library contained the following spells:

 Spells                   Type           Power      Damage    Failure   Level
 Foxfire                  Conj/Fire      56%        2x1d6     4%          1
 Conjure Flame            Conj/Fire      14%        6-21      13%         3
 Inner Flame              Hex/Fire       3%         N/A       36%         3
 Flame Wave               Conj/Fire      14%        2d6       41%         4
 Fulminant Prism          Conj/Hex       7%         3d7       41%         4
 Iskenderun's Mystic Bla  Conj/Tloc      14%        2d5       41%         4


Dungeon Overview and Level Annotations

Branches:
Dungeon (3/15)

Altars:
Sif Muna

Annotations:
D:3 Ijyb


Innate Abilities, Weirdness & Mutations

You have large cloven feet.


Message History

Ijyb is nearby!
Casting: Magic Dart (safe; 1% risk of failure)
Confirm with . or Enter, or press ? or * to list all spells.
Aiming: Magic Dart (safe; 1% risk of failure)
Press: ? - help, Shift-Dir - straight line, f/p - Ijyb
Aim: Ijyb, wielding a +3 dagger of venom, wearing a +0 leather armour and carrying a wand of flame (20) (heavily wounded, 100% to hit)
The magic dart hits Ijyb but does no damage.
Ijyb is heavily wounded.
Ijyb zaps a wand.
The puff of flame hits you. You resist.
Casting: Magic Dart (safe; 1% risk of failure)
Confirm with . or Enter, or press ? or * to list all spells.
Aiming: Magic Dart (safe; 1% risk of failure)
Press: ? - help, Shift-Dir - straight line, f/p - Ijyb
Aim: Ijyb, wielding a +3 dagger of venom, wearing a +0 leather armour and carrying a wand of flame (19) (heavily wounded, 100% to hit)
The magic dart hits Ijyb.
Ijyb is severely wounded.
The orc wizard shouts!
Ijyb zaps a wand.
The puff of flame hits you. You resist.
* * * LOW HITPOINT WARNING * * *
Press: ? - help, v - describe, . - travel The floor.
Casting: Magic Dart (safe; 1% risk of failure)
Confirm with . or Enter, or press ? or * to list all spells.
Aiming: Searing Ray (safe; 2% risk of failure)
Press: ? - help, Shift-Dir - straight line, f - orc wizard, p - Ijyb
Aim: an orc wizard, wielding a +1 quarterstaff of speed and wearing a +0 robe (74% to hit)
The searing ray misses the orc wizard. (Press . to maintain the ray.)
The orc wizard barely misses you. You block the orc wizard's attack.
The orc wizard gestures at you while chanting.
The magic dart hits you!
* * * LOW HITPOINT WARNING * * *
Ijyb screams, "Me very upset!"
The orc wizard casts a spell at you. You resist with some effort.
Ijyb screams, "It's all mine!"
The orc wizard points at you and mumbles some strange words.
The puff of flame hits you. You resist.
You die...

######.#.####.#.........#.......
######.#..###.#.........#....#.##
..............................>..
##...#.##.###.####..#...#..#..##
##...#.##.# #.# #..#.###..#..#
######.##.# #.# #..#.# #..#..# #
#.##.# #.# #..#.# #.)#..# #
#.##..##.####..#.# #.....# #
#.###<.....@...#.###....## # #.#
..##................#
...........#.###.#..#
...#####.og..# #.#..# ### ..
#.......# #.#..# ..# .
..........###.#### #.#
...............# #.#
....#######....# #.#
....#8...8#..###


You could see Ijyb and an orc wizard.

Vanquished Creatures
  An orc wizard (D:3)
  3 adders
  2 dart slugs
  7 orcs
  5 endoplasms
  2 giant cockroaches
  9 goblins
  2 hobgoblins (D:2)
  A quokka (D:1)
  3 ball pythons
  7 bats
  4 frilled lizards
  6 kobolds
  8 rats
60 creatures vanquished.

Vanquished Creatures (others)
  A demonic plant (D:3)
1 creature vanquished.

Grand Total: 61 creatures vanquished

Notes
Turn   | Place    | Note
-------+----------+-------------------------------------------
     0 | D:1      | PentaManta the Demonspawn Conjurer began the quest for the
                  | Orb.
     0 | D:1      | Reached XP level 1. HP: 13/13 MP: 3/3
   360 | D:1      | Gained mutation: You have large cloven feet. [demonic
                  | ancestry]
   360 | D:1      | Reached XP level 2. HP: 19/19 MP: 3/5
  1082 | D:2      | Reached XP level 3. HP: 24/24 MP: 0/7
  1085 | D:2      | Learned a level 2 spell: Searing Ray
  1173 | D:2      | Learned a level 3 spell: Dazzling Flash
  1819 | D:2      | Reached XP level 4. HP: 30/30 MP: 1/8
  1989 | D:3      | Found a shimmering blue altar of Sif Muna.
  2095 | D:3      | Found a faded altar of an unknown god.
  2095 | D:3      | Noticed a neqoxec
  2226 | D:3      | Reached skill level 5 in Conjurations
  2534 | D:3      | Identified the amulet "Pazimm" {Faith rElec rC+ rN+}
  2596 | D:3      | Noticed Ijyb
  2630 | D:3      | HP: 1/30 [orc wizard/magic dart (7)]
  2635 | D:3      | Killed from afar by an orc wizard

Illustrated notes

Levels and vault maps discovered:
D:1:      dpeg_arrival_shrine, layout_loops_ring, minmay_pentomino_o2
D:2:      layout_rooms
D:3:      layout_basic, mainiacjoe_overflow_alcove_1,
          dreamdust_ecumenical_altar_sealed_demon, uniq_ijyb

Skill      XL: |  1  2  3  4 |
---------------+-------------+-----
Spellcasting   | 3 |  3.5
Conjurations   | 5 |  5.2
Dodging        | |  1.7
Stealth        | |  1.7

Action                   |  1- 3 |  4- 6 || total
-------------------------+-------+-------++-------
Melee: Dagger            |    17 |       ||    17
       Kick              |     2 |       ||     2
 Cast: Magic Dart        |    83 |    46 ||   129
       Searing Ray       |     1 |     1 ||     2
Armor: Robe              |     5 |     1 ||     6
Dodge: Dodged            |    11 |     5 ||    16
Block: Other             |       |     2 ||     2
